 Dungeon Sprint DCSS version 0.17-a0-1210-g1e4f09d (webtiles) character file.

144 nuthulu the Skirmisher (level 5, -4/37 HPs)
             Began as a Gargoyle Fighter on June 3, 2015.
             Killed by divine providence
             ... invoked by a deep elf priest
              (10 damage)
             ... in the Dungeon (Sprint III: "The Ten Rune Challenge").
             The game lasted 00:01:59 (588 turns).

nuthulu the Skirmisher (Gargoyle Fighter)            Turns: 588, Time: 00:01:59

Health: -4/37      AC: 13    Str: 21    XL:     5   Next: 26%
Magic:  5/5        EV:  8    Int:  6    God:
Gold:   24         SH: 10    Dex:  9    Spells: 0 memorised, 4 levels left

rFire  . . .     SeeInvis +     a - +0 flail
rCold  . . .     Clarity  .     b - +0 scale mail
rNeg   + . .     SustAt   .     c - +0 shield
rPois  ∞         Gourm    .     (no helmet)
rElec  +         Spirit   .     m - +0 cloak
rCorr  .         Warding  .     (no gloves)
rMut   .         NoTele   +     (no boots)
MR     .....                    (no amulet)
Stlth  ..........               (no ring)
                                (no ring)

@: not resistant to hostile enchantments, extremely unstealthy
A: see invisible, dopey 1, high mp 1, negative energy resistance 1, electricity
resistance, unbreathing, petrification resistance, rot immunity, AC +4
a: no special abilities


You were in the Dungeon.
You were not hungry.

You visited 1 branch You collected 24 gold pieces.

Inventory:

Hand weapons
 a - a +0 flail (weapon)
Armour
 b - a +0 scale mail (worn)
 c - a +0 shield (worn)
 m - a +0 cloak (worn)
Scrolls
 k - a scroll of blinking
 q - a scroll of enchant armour {unknown}
 u - a scroll of immolation {unknown}
 v - a scroll of remove curse {unknown}
Potions
 d - a potion of might
 f - a potion of curing
 g - a potion of heal wounds
 h - a potion of haste
 i - 2 potions of magic
 s - 2 potions of cure mutation
 t - 4 potions of flight
Comestibles
 e - a bread ration
 r - 2 royal jellies


   Skills:
 * Level 6.7 Fighting
 * Level 4.3 Maces & Flails
 * Level 6.5 Armour
 + Level 0.5 Dodging
 + Level 0.5 Stealth
 * Level 6.7 Shields


You had 4 spell levels left.
You didn't know any spells.

Dungeon Overview and Level Annotations

Branches:
Dungeon (1/1)

Altars:
Elyvilon
Zin
The Shining One


Innate Abilities, Weirdness & Mutations

You are resistant to torment.
Your stone body is resilient (AC +4).
You are immune to poison.
You resist negative energy.
You are resistant to electric shocks.
You can survive without breathing.
You are immune to petrification.
You are immune to rotting.
You have supernaturally acute eyesight.
You are dopey. (Int -2)
You have an increased reservoir of magic (+10% MP).


Message History

The deep elf priest is lightly wounded.
You block the deep elf priest's attack.
You sock the deep elf priest!
The deep elf priest is moderately wounded.
You block the deep elf priest's attack.
You closely miss the deep elf priest.
The deep elf priest is moderately wounded.
The deep elf priest utters a dark prayer and points at you.
Your life force is offered up.
* * * LOW HITPOINT WARNING * * *
The deep elf priest is healed.
You thump the deep elf priest!
The deep elf priest is moderately wounded.
The deep elf priest hits you with a long sword of holy wrath.
* * * LOW HITPOINT WARNING * * *
You hit the deep elf priest but do no damage.
The deep elf priest is moderately wounded.
The deep elf priest calls down the wrath of its god upon you.
Something smites you!
You die...

▓▓▓▓▓▓▓▓ ▓▓▓ .'.....♣♣
♣.##### ?#......♣
♣.#___# ##....♣♣♣
♣.#.e.#
.#....≈♣♣♣♣♣.###@#+###+
.#...≈≈♣..♣..#..........
(#..≈≈≈≈♣.♣..'.⌠........
'#..≈≈≈≈≈≈♣♣.#...######+
÷#.≈≈≈≈≈≈....#.⌠.#
.#.≈≈≈≈≈.....#...#
.#.≈≈≈.).....#+###
##...........#
.............#


You could see a deep elf priest.

Vanquished Creatures
  A water elemental (D)
  Crazy Yiuf (D)
  Jessica (D)
  A human (D)
  2 oozes (D)
  A rat (D)
7 creatures vanquished.

Vanquished Creatures (others)
  2 draconian scorchers (D)
  2 yaktaurs (D)
  2 fire drakes (D)
  6 plants (D)
12 creatures vanquished.

Grand Total: 19 creatures vanquished

Notes
Turn   | Place    | Note
--------------------------------------------------------------
     0 | D        | nuthulu the Gargoyle Fighter began the quest for the Orb.
     0 | D        | Reached XP level 1. HP: 14/14 MP: 1/1
     8 | D        | Reached skill level 4 in Fighting
     8 | D        | Reached XP level 2. HP: 18/20 MP: 2/2
    27 | D        | Killed a yaktaur
    42 | D        | Noticed Jessica
    49 | D        | Killed Jessica
    49 | D        | Reached skill level 5 in Fighting
    49 | D        | Reached skill level 5 in Shields
    49 | D        | Reached XP level 3. HP: 19/26 MP: 3/3
   132 | D        | Killed a fire drake
   178 | D        | Reached skill level 5 in Armour
   235 | D        | Killed a yaktaur
   398 | D        | Noticed Crazy Yiuf
   409 | D        | Killed Crazy Yiuf
   409 | D        | Reached XP level 4. HP: 30/32 MP: 4/4
   425 | D        | Killed a fire drake
   437 | D        | Killed a white draconian scorcher
   452 | D        | Gained mutation: You have a pair of small horns on your head. [potion of mutation]
   452 | D        | Gained mutation: You can spit weak poison. [potion of mutation]
   452 | D        | Gained mutation: Armour fits poorly on your strangely shaped body. [potion of mutation]
   453 | D        | Lost mutation: You can spit weak poison. [potion of cure mutation]
   453 | D        | Lost mutation: Armour fits poorly on your strangely shaped body. [potion of cure mutation]
   453 | D        | Lost mutation: You have a pair of small horns on your head. [potion of cure mutation]
   454 | D        | Gained mutation: You are dopey. (Int -2) [potion of mutation]
   454 | D        | Gained mutation: You have an increased reservoir of magic (+10% MP). [potion of mutation]
   454 | D        | Gained mutation: You have supernaturally acute eyesight. [potion of mutation]
   474 | D        | Killed a white draconian scorcher
   487 | D        | Noticed a water elemental
   492 | D        | Killed a water elemental
   492 | D        | Reached skill level 6 in Fighting
   492 | D        | Reached XP level 5. HP: 37/37 MP: 5/5
   579 | D        | Found a glowing silver altar of Zin.
   580 | D        | Found a glowing golden altar of the Shining One.
   580 | D        | Found a white marble altar of Elyvilon.
   580 | D        | Noticed a deep elf priest
   588 | D        | Killed from afar by a deep elf priest

Vault maps used:
D:        dungeon_sprint_mu

Action                   |  1- 3 |  4- 6 || total
-------------------------+-------+-------++-------
Melee: Flail             |    35 |    11 ||    46
  Use: Potion            |       |     4 ||     4
       Scroll            |       |     3 ||     3
